AoeStats
← Vanilla

Glade

510555587Analyzed
1v1 RM · 12h ago on Oct 1, 2026· 40m 27s· 2 players
Game mode
Random Map
Map size
Tiny (2 player)
Population
200
Speed
Normal
Resources
Standard
Victory
Conquest
Starting age
Dark Age
Ending age
Imperial Age
RankedLock teamsTeams togetherTeam positionsShared explorationLock speedFull tech treeHidden civsTurbo modeCheats
Victory
Defeat
🇨🇳 Japanese · China
1046
+17
🇹🇷 Vietnamese · Türkiye
1065
-17
Vanilla
10:25 Feudal Age
10:58 Man-at-Arms
13:19 Double-Bit Axe
13:55 Arson
15:54 Scale Mail Armor
16:19 Horse Collar
23:11 Castle Age
21:52 Gold Mining
22:12 Fletching
22:25 Padded Archer Armor
23:38 Loom
24:28 Wheelbarrow
24:03 Thumb Ring
26:30 Gold Shaft Mining
26:55 Bodkin Arrow
28:42 Bow Saw
30:15 Leather Archer Armor
32:13 Stone Mining
35:54 Imperial Age
34:38 Hand Cart
34:45 Hand Cart
36:41 Bracer
37:11 Ring Archer Armor
37:10 Parthian Tactics
37:30 Conscription
38:00 Ballistics
38:41 Chemistry
38:21 Bloodlines
38:11 Husbandry
39:03 Heavy Cavalry Archer
TÔRBACI
2:32 Loom
9:08 Loom
11:16 Feudal Age
12:07 Feudal Age
17:56 Forging
17:52 Padded Archer Armor
18:03 Fletching
21:26 Double-Bit Axe
25:59 Castle Age
25:56 Horse Collar
26:08 Stone Mining
26:24 Gold Mining
29:46 Bow Saw
33:34 Leather Archer Armor
34:57 Heavy Plow
36:46 Wheelbarrow
37:19 Ballistics
39:52 Imperial Age
37:05 Elite Skirmisher
38:19 Hand Cart
39:46 Thumb Ring
41:17 Paper Money
Connection lost

Rejoining the realm…

Still unreachable

The connection could not be restored.

Session expired

The server has moved on; the page needs a fresh start.